 Dungeon Crawl Stone Soup version 0.21.1-1-g345015f (webtiles) character file.

1477 Mesmaeker13 the Fighter (level 8, -12/110 HPs)
             Began as an Ogre Chaos Knight on May 6, 2018.
             Mangled by a shadow wraith (25 damage)
             ... summoned by a lich
             ... on level 1 of the Abyss.
             The game lasted 00:11:42 (5159 turns).

Mesmaeker13 the Fighter (Ogre Chaos Knight)         Turns: 5159, Time: 00:11:43

Health: -12/110    AC:  7    Str: 24      XL:     8   Next: 78%
Magic:  8/8        EV: 11    Int: 13      God:    Xom [*.....]
Gold:   288        SH: 13    Dex:  7 (9)  Spells: 7/7 levels left

rFire    . . .     SeeInvis .   v - +4 war axe (vamp)
rCold    . . .     Gourm    .   n - +4 shield of Awat {rPois}
rNeg     . . .     Faith    .   b - +2 robe
rPois    +         Spirit   .   (helmet restricted)
rElec    .         Reflect  .   (no cloak)
rCorr    .         Harm     .   (gloves unavailable)
MR       .....                  (boots unavailable)
Stlth    +.........             i - amulet of rage
HPRegen  0.00/turn              r - +6 ring of strength
MPRegen  0.11/turn              C - +2 ring of protection

@: very slightly contaminated, non-regenerating, diseased, slowed, very slow
A: large, unfitting armour, repulsion field 1, robust 2, tough skin 1, evolution
1
a: Renounce Religion, Evoke Berserk Rage


You were on level 1 of the Abyss.
You worshipped Xom.
You were a special plaything of Xom.
You were not hungry.

You visited 1 branch of the dungeon, and saw 5 of its levels.
You visited the Abyss 1 time.

You collected 288 gold pieces.

Inventory:

Hand Weapons
 f - a +2 lajatang of electrocution
 v - a +4 vampiric war axe (weapon)
Missiles
 k - 6 tomahawks (quivered)
Armour
 b - a +2 robe (worn)
 n - the +4 shield of Awat (worn) {rPois}
   (Xom gifted it to you on level 2 of the Dungeon)

   It protects you from poison.
Jewellery
 i - an amulet of rage (around neck)
 r - a +6 ring of strength (left hand)
 C - a +2 ring of protection (right hand)
Wands
 B - a wand of flame (30)
 D - a wand of random effects (14)
Scrolls
 d - 2 scrolls of enchant armour
 p - a scroll of amnesia {unknown}
 u - a scroll of fog {unknown}
 w - 3 scrolls of remove curse
 y - a scroll of immolation {unknown}
 z - a scroll of random uselessness {unknown}
 A - a scroll of blinking {unknown}
Potions
 a - a potion of mutation
 g - a potion of flight {unknown}
 l - a potion of heal wounds {unknown}
 m - a potion of haste
 o - 2 potions of might
 q - a potion of curing
 s - 2 potions of agility
 t - 2 potions of ambrosia
 x - a potion of brilliance
Books
 h - a book of Callings

   Spells                             Type                      Level
   a - Summon Small Mammal            Summoning                    1
   b - Call Imp                       Summoning                    2
   c - Call Canine Familiar           Summoning                    3
   d - Summon Guardian Golem          Hexes/Summoning              3
   e - Summon Lightning Spire         Summoning/Air                4
   f - Summon Ice Beast               Ice/Summoning                4
Comestibles
 c - 7 rations


   Skills:
 + Level 9.0 Fighting
 + Level 5.2(5.7) Axes
   Level 3.1(4.5) Maces & Flails
 - Level 1.7(2.8) Staves
 - Level 3.2 Dodging
 + Level 4.8 Shields


You had 7 spell levels left.
You didn't know any spells.

Dungeon Overview and Level Annotations

Branches:
Dungeon (5/15)
 Temple: D:4-7

Altars:
Elyvilon

Shops:
D:4 }

Annotations:
D:3 thiefofnight's ghost, amateur HOFi


Innate Abilities, Weirdness & Mutations

You are too large for most types of armour.
You have tough skin. (AC +1)
You are surrounded by a mild repulsion field. (EV +2)
You are very robust. (+20% HP)
You evolve.


Message History

The lich touches you.
* * * LOW HITPOINT WARNING * * *
The phantasmal warrior blinks!
The lich closely misses you.
You swap places.
The phantasmal warrior blinks!
Something hits you!
* * * LOW HITPOINT WARNING * * *
Something drains your vigour!
You feel yourself slow down.
Deactivating autopickup; reactivate with Ctrl-A.
The shadow dragon zombie bites your ufetubus but does no damage.
The shadow dragon zombie claws your ufetubus!
The shadow dragon zombie closely misses your ufetubus.
You swap places.
Something hits your ufetubus.
Your ufetubus dies!
The shadow dragon zombie bites you.
* * * LOW HITPOINT WARNING * * *
You block the shadow dragon zombie's attack.
The shadow dragon zombie claws you.
* * * LOW HITPOINT WARNING * * *
Something hits you!!
You die...
Xom thinks this is hilarious!

........#.#.#....#.
.. #..L..#§#§###.#
. ..#..§.§§§W#.W#
#. #.
#..##...##§W§..# ..
.#### # # §.##.W#
.# # #.... #
§.#.##3# .# . . ##
.....#...##.§# ..
.# .#...#.#....# #
### #
...##.§.@Z..### . .
###.#...#.#........
# .#
#####.##§....##...
# #. #.## #.
#....... .. ##. .
.# . #.#...##.##
##... . ##..... # .
# .#..# #..#.# .##
.# #..## . . .


You could see a shadow dragon zombie.

Vanquished Creatures
  A sky beast (D:5)
  A centaur (D:5)
  3 ogres
  A bullfrog (D:4)
  A small abomination (Abyss:1)
  2 scorpions (D:4)
  3 hounds (D:4)
  A quasit (Abyss:1)
  An orc priest (D:4)
  A bullfrog skeleton (D:5)
  Jessica (D:3)
  An iguana (D:4)
  4 orc wizards (D:4)
  2 worker ants (D:4)
  A hound skeleton (D:4)
  Robin (D:4)
  3 adders
  An ooze (D:4)
  4 worms
  4 dart slugs
  4 leopard geckos
  8 orcs (D:4)
  2 ball pythons
  2 giant cockroaches
  16 goblins
  12 hobgoblins
  4 jackals (D:1)
  2 quokkas
  8 bats
  6 frilled lizards
  A jackal skeleton (D:4)
  4 kobolds
  A leopard gecko skeleton (D:4)
  A quokka skeleton (D:4)
  6 rats
114 creatures vanquished.

Vanquished Creatures (collateral kills)
  A thrashing horror (Abyss:1)
  An orc (D:3)
  A bat (D:3)
3 creatures vanquished.

Vanquished Creatures (others)
  A plant (D:4)
1 creature vanquished.

Grand Total: 118 creatures vanquished

Notes
Turn   | Place    | Note
-------+----------+-------------------------------------------
     0 | D:1      | Mesmaeker13 the Ogre Chaos Knight began the quest for the Orb.
     0 | D:1      | Reached XP level 1. HP: 24/24 MP: 1/1
     6 | D:1      | XOM: divination: magic mapping
     8 | D:1      | XOM: fog
    53 | D:1      | XOM: give mutation
    53 | D:1      | Gained mutation: You are somewhat resistant to further mutation. [Xom's grace]
    59 | D:1      | Reached XP level 2. HP: 24/32 MP: 2/2
   108 | D:1      | XOM: mild Chrm miscast
   164 | D:1      | XOM: god gift: 50 gold pieces
   218 | D:1      | XOM: god gift: glowing quarterstaff {god gift}
   408 | D:1      | XOM: god gift: club {god gift}
   442 | D:1      | XOM: 1-stop teleportation journey
   564 | D:1      | Reached XP level 3. HP: 18/40 MP: 3/3
   809 | D:1      | XOM: god gift: runed lajatang {god gift}
  1051 | D:2      | XOM: god gift: distressingly furry shield {god gift}
  1054 | D:2      | Got a distressingly furry shield {god gift}
  1218 | D:2      | XOM: scenery: 2 doors open
  1405 | D:2      | Reached skill level 1 in Staves
  1405 | D:2      | Reached XP level 4. HP: 31/49 MP: 4/4
  1446 | D:2      | XOM: 2-stop teleportation journey
  1599 | D:2      | XOM is BORED!
  1599 | D:2      | XOM: medium Tmut miscast
  1876 | D:2      | XOM: cloud trail
  1975 | D:2      | XOM: mild Hex miscast
  1994 | D:2      | XOM: harmless Ice miscast
  2060 | D:3      | Identified the +4 shield of Awat {rPois} (Xom gifted it to you on level 2 of the Dungeon)
  2104 | D:3      | Reached skill level 5 in Fighting
  2309 | D:3      | Noticed thiefofnight's ghost (amateur HOFi)
  2316 | D:3      | XOM: enchant monster (bad)
  2405 | D:3      | XOM: cloud trail
  2547 | D:3      | Noticed Jessica
  2547 | D:3      | XOM: summons friendly quasit
  2557 | D:3      | Killed Jessica
  2557 | D:3      | Reached XP level 5. HP: 53/57 MP: 5/5
  3096 | D:4      | Reached skill level 1 in Axes
  3146 | D:4      | Reached skill level 1 in Shields
  3147 | D:4      | Reached XP level 6. HP: 67/67 MP: 6/6
  3150 | D:4      | Reached skill level 6 in Fighting
  3282 | D:4      | Noticed Robin
  3297 | D:4      | Killed Robin
  3450 | D:4      | Found Eniy's Gadget Boutique.
  3499 | D:4      | XOM: mild Conj miscast
  3508 | D:4      | XOM: harmless Pois miscast
  3518 | D:4      | Reached XP level 7. HP: 29/76 MP: 7/7
  3996 | D:4      | Reached skill level 7 in Fighting
  4126 | D:4      | Found a white marble altar of Elyvilon.
  4151 | D:4      | XOM: 3-stop teleportation journey
  4362 | D:4      | XOM: confusion (+ monsters)
  4420 | D:5      | Entered Level 5 of the Dungeon
  4451 | D:5      | XOM: cast spell 'Summon Butterflies'
  4453 | D:5      | XOM: noise
  4456 | D:5      | Reached XP level 8. HP: 60/88 MP: 8/8
  4493 | D:4      | Reached skill level 8 in Fighting
  4519 | D:5      | XOM: 3-stop teleportation journey
  4600 | D:5      | XOM: medium Necr miscast
  4601 | D:5      | Noticed a shadow
  4601 | D:5      | Noticed a shadow
  4612 | D:5      | XOM: god gift: 3 rations
  4705 | D:5      | XOM: mild Necr miscast
  4775 | D:5      | XOM: severe Tloc miscast
  4775 | D:5      | Cast into level 1 of the Abyss (the severe capriciousness of Xom)
  4775 | Abyss:1  | XOM: noise
  4814 | Abyss:1  | Noticed a thrashing horror
  4833 | Abyss:1  | Lost mutation: You are somewhat resistant to further mutation. [potion of mutation]
  4833 | Abyss:1  | Gained mutation: You evolve. [potion of mutation]
  4833 | Abyss:1  | Gained mutation: You are surrounded by a mild repulsion field. (EV +2) [potion of mutation]
  4833 | Abyss:1  | Gained mutation: You are robust. (+10% HP) [potion of mutation]
  4833 | Abyss:1  | Gained mutation: You are very robust. (+20% HP) [potion of mutation]
  4954 | Abyss:1  | Noticed a raiju
  5068 | Abyss:1  | XOM: summons 4 hostile demons
  5074 | Abyss:1  | Noticed an ancient zyme
  5085 | Abyss:1  | XOM: enchant monster (bad)
  5095 | Abyss:1  | Noticed a large abomination
  5100 | Abyss:1  | Noticed a ynoxinul
  5107 | Abyss:1  | a ynoxinul changed into a neqoxec
  5107 | Abyss:1  | XOM: polymorph ynoxinul -> neqoxec
  5127 | Abyss:1  | XOM: smoke on damage
  5128 | Abyss:1  | Noticed a lich
  5134 | Abyss:1  | Noticed a wraith
  5137 | Abyss:1  | XOM: summons friendly quasit
  5142 | Abyss:1  | XOM: divination: magic mapping
  5144 | Abyss:1  | Noticed a wraith
  5144 | Abyss:1  | Noticed a phantasmal warrior
  5145 | Abyss:1  | Noticed a thrashing horror
  5145 | Abyss:1  | XOM: fog
  5146 | Abyss:1  | XOM: stat loss: -1 Str (23/24)
  5149 | Abyss:1  | XOM: summons 4 friendly demons
  5152 | Abyss:1  | XOM: summons 3 friendly demons
  5154 | Abyss:1  | Noticed a wraith
  5154 | Abyss:1  | Noticed a phantasmal warrior
  5156 | Abyss:1  | Killed a thrashing horror
  5156 | Abyss:1  | Reached skill level 9 in Fighting
  5156 | Abyss:1  | Reached skill level 5 in Axes
  5159 | Abyss:1  | Mangled by a shadow wraith

Skill      XL: |  1  2  3  4  5  6  7  8 |
---------------+-------------------------+-----
Maces & Flails | 3 |  3.1
Staves         | 1 |  1.7
Dodging        | 3 |  3.2
Fighting       | 5 6 7 9 |  9.0
Axes           | 1 2 3 5 |  5.2
Shields        | 1 2 3 4 |  4.8

Action                   |  1- 3 |  4- 6 |  7- 9 || total
-------------------------+-------+-------+-------++-------
Melee: Mace              |    39 |       |       ||    39
       Quarterstaff      |    38 |       |       ||    38
       Lajatang          |    46 |    55 |       ||   101
       War axe           |       |    91 |   105 ||   196
 Abil: Evoke Berserk Rag |       |     1 |       ||     1
Evoke: Wand              |       |     3 |     5 ||     8
  Use: Scroll            |     1 |     1 |     6 ||     8
       Potion            |       |       |     8 ||     8
 Stab: Sleeping          |       |     1 |       ||     1
  Eat: Chunk             |     2 |     5 |     4 ||    11
       Ration            |       |     2 |     1 ||     3
Armor: Robe              |    57 |    34 |    43 ||   134
Dodge: Dodged            |    75 |    59 |    61 ||   195
Block: Shield            |       |    51 |    87 ||   138
